 Dungeon Sprint DCSS version 0.22.1-1-ga44c0e56f4 (webtiles) character file.

749 MuseOD the Covert (level 7, -11/61 HPs)
             Began as a Spriggan Enchanter on Sept 28, 2018.
             Was a Follower of Dithmenos.
             Mangled by a water elemental (18 damage)
             ... in the Dungeon (Sprint III: "The Ten Rune Challenge").
             The game lasted 00:02:16 (803 turns).

MuseOD the Covert (Spriggan Enchanter)               Turns: 803, Time: 00:02:17

Health: -11/61     AC:  2    Str:  9    XL:     7   Next: 48%
Magic:  1/12       EV: 18    Int: 19    God:    Dithmenos [*.....]
Gold:   53         SH:  0    Dex: 16    Spells: 5/11 levels left

rFire    . . .     SeeInvis +   a - +1 dagger
rCold    . . .     Gourm    .   (shield restricted)
rNeg     . . .     Faith    .   b - +0 robe
rPois    .         Spirit   .   (helmet restricted)
rElec    .         Reflect  .   (no cloak)
rCorr    .         Harm     .   (gloves unavailable)
MR       +....     NoTele   +   (boots unavailable)
Stlth    ..........             (no amulet)
HPRegen  0.20/turn              (no ring)
MPRegen  0.13/turn              (no ring)

@: berserking, wreathed by umbra, very quick
A: very small, unfitting armour, see invisible, herbivore, speed 3, slow
metabolism 2
a: Renounce Religion


You were in the Dungeon.
You worshipped Dithmenos.
Dithmenos was aware of your devotion.
You were not hungry.

You visited 1 branch You collected 53 gold pieces.

Inventory:

Hand Weapons
 a - a +1 dagger (weapon)
Armour
 b - a +0 robe (worn)
Scrolls
 c - 2 scrolls of identify {unknown}
 j - a scroll of blinking
 k - a scroll of fog {unknown}
 l - a scroll of torment {unknown}
 o - a scroll of immolation {unknown}
 p - 2 scrolls of remove curse
Potions
 f - a potion of heal wounds
 g - a potion of haste
 h - 2 potions of magic
 m - a potion of degeneration {unknown}
 n - 3 potions of mutation {unknown}
 q - a potion of agility {unknown}
 r - 2 potions of flight
Comestibles
 d - 3 rations


   Skills:
 + Level 6.8 Fighting
 * Level 12.4 Short Blades
 - Level 3.0 Dodging
 + Level 13.0 Stealth
 - Level 2.6 Spellcasting
 - Level 3.6 Hexes


You had 5 spell levels left.
You knew the following spells:

 Your Spells              Type           Power        Failure   Level  Hunger
a - Corona                Hex            ###....      3%          1    None
b - Ensorcelled Hibernat  Hex/Ice        #.....       12%         2    ##.....
c - Confuse               Hex            ###.....     11%         3    ###....

Your spell library contained the following spells:

 Spells                   Type           Power        Failure   Level  Hunger
 Confusing Touch          Hex            ###...       3%          1    None
 Tukima's Dance           Hex            ###.....     11%         3    ###....
 Dazzling Spray           Conj/Hex       #.....       22%         3    ###....
 Gell's Gravitas          Tloc           #.........   43%         3    ###....
 Petrify                  Tmut/Erth      #.......     83%         4    ####...
 Metabolic Englaciation   Hex/Ice        #.........   91%         5    ######.
 Yara's Violent Unravell  Hex/Tmut       #.........   91%         5    ######.


Dungeon Overview and Level Annotations

Branches:
Dungeon (1/1)

Altars:
Dithmenos
Elyvilon
Kikubaaqudgha
Okawaru
Ru
Sif Muna
Trog
Uskayaw
Vehumet
Wu Jian
Yredelemnul
Zin
The Shining One
Beogh


Innate Abilities, Weirdness & Mutations

You are very small and have problems with some larger weapons.
You are too small for most types of armour.
You have supernaturally acute eyesight. (SInv)
You are a herbivore.
You cover ground extremely quickly.
You need to consume almost no food.


Message History

Casting: Confuse (safe; 11% risk of failure)
Confirm with . or Enter, or press ? or * to list all spells.
You don't have enough magic to cast that spell.
Casting: Confuse (safe; 11% risk of failure)
Confirm with . or Enter, or press ? or * to list all spells.
Aiming: Ensorcelled Hibernation (safe; 12% risk of failure)
Press: ? - help, Shift-Dir - straight line, f/p - human
Aim: a human, wielding a spear (chance to defeat MR: 40%)
The human looks drowsy...
The water elemental misses you.
The human shouts!
There is an open door here.
The human drinks a potion.
The human goes berserk!
You close the door.
A human opens the door.
The human rages.
There is a sacrificial altar of Ru here.
A red film seems to cover your vision as you go berserk!
You feel yourself moving faster!
You feel mighty! The water elemental hits you!!
You die...

▓ ▓▓▓ ♣
♣.############ ♣♣
♣♣.#___#___#_@# .♣
♣..#...#__.#pE# .♣
♣♣.###'#'###'## .♣
♣.#..........#
≈♣♣♣♣.'.⌠........#
≈≈≈♣..#...######+#
≈≈....#.⌠.#
≈..E..#...#
......#'###


You could see a water elemental and a human (berserk).

Vanquished Creatures
  A deep elf mage (D)
  A necrophage (D)
  Crazy Yiuf (D)
  A wizard (D)
  Jessica (D)
  A necromancer (D)
  2 humans (D)
  A kobold demonologist (D)
  An ooze (D)
  2 rats (D)
12 creatures vanquished.

Vanquished Creatures (others)
  2 draconian scorchers (D)
  6 hellions (D)
  A yaktaur (D)
9 creatures vanquished.

Grand Total: 21 creatures vanquished

Notes
Turn   | Place    | Note
-------+----------+-------------------------------------------
     0 | D        | MuseOD the Spriggan Enchanter began the quest for the Orb.
     0 | D        | Reached XP level 1. HP: 9/9 MP: 5/5
    16 | D        | Reached skill level 1 in Fighting
    16 | D        | Reached skill level 5 in Stealth
   101 | D        | Killed a hellion
   143 | D        | Killed a hellion
   151 | D        | Killed a hellion
   157 | D        | Noticed Jessica
   160 | D        | Killed Jessica
   160 | D        | Reached skill level 6 in Stealth
   160 | D        | Reached XP level 2. HP: 13/15 MP: 6/6
   160 | D        | Reached XP level 3. HP: 16/18 MP: 8/8
   167 | D        | Learned a level 2 spell: Ensorcelled Hibernation
   171 | D        | Learned a level 3 spell: Confuse
   185 | D        | Killed a hellion
   210 | D        | Killed a yaktaur
   227 | D        | Killed a white draconian scorcher
   252 | D        | Reached skill level 5 in Short Blades
   252 | D        | Reached skill level 7 in Stealth
   257 | D        | Killed a hellion
   264 | D        | Killed a white draconian scorcher
   269 | D        | Noticed Crazy Yiuf
   298 | D        | Killed a hellion
   413 | D        | Killed Crazy Yiuf
   413 | D        | Reached XP level 4. HP: 6/24 MP: 1/9
   435 | D        | HP: 1/24 [poisoned by Crazy Yiuf]
   613 | D        | Noticed a water elemental
   644 | D        | Found a basalt altar of Yredelemnul.
   644 | D        | Found a shadowy altar of Dithmenos.
   644 | D        | Found a sacrificial altar of Ru.
   644 | D        | Noticed a necrophage
   646 | D        | Reached skill level 8 in Stealth
   647 | D        | Killed a necrophage
   647 | D        | Reached skill level 9 in Stealth
   647 | D        | Reached XP level 5. HP: 30/30 MP: 10/10
   651 | D        | Became a worshipper of Dithmenos the Shadowed
   660 | D        | Found a glowing silver altar of Zin.
   660 | D        | Found a glowing golden altar of the Shining One.
   660 | D        | Found a white marble altar of Elyvilon.
   661 | D        | Noticed a deep elf mage
   666 | D        | Killed a deep elf mage
   666 | D        | Reached skill level 12 in Stealth
   666 | D        | Reached XP level 6. HP: 36/36 MP: 7/11
   666 | D        | Reached XP level 7. HP: 40/40 MP: 7/12
   707 | D        | Found a radiant altar of Vehumet.
   708 | D        | Found a deep blue altar of Sif Muna.
   708 | D        | Found an ancient bone altar of Kikubaaqudgha.
   711 | D        | Reached * piety under Dithmenos
   734 | D        | Found a hide-covered altar of Uskayaw.
   734 | D        | Found a roughly hewn altar of Beogh.
   734 | D        | Found an iron altar of Okawaru.
   734 | D        | Found a bloodstained altar of Trog.
   734 | D        | Found an ornate altar of the Wu Jian Council.
   734 | D        | Noticed a human
   734 | D        | Noticed a human
   741 | D        | Killed a human
   741 | D        | Reached skill level 13 in Stealth
   777 | D        | HP: 2/41 [human/spear (9)]
   803 | D        | Mangled by a water elemental

Skill      XL: |  1  2  3  4  5  6  7 |
---------------+----------------------+-----
Fighting       | 2 3 4 6 |  6.8
Short Blades   | 4 6 8 11 12 | 12.4
Stealth        | 6 7 9 12 13 | 13.0
Dodging        | |  3.0
Spellcasting   | |  2.6
Hexes          | |  3.6

Action                   |  1- 3 |  4- 6 |  7- 9 || total
-------------------------+-------+-------+-------++-------
Melee: Dagger            |    19 |     5 |     6 ||    30
 Cast: Confuse           |     5 |     1 |     4 ||    10
       Ensorcelled Hiber |     2 |       |     1 ||     3
  Use: Potion            |       |     1 |     1 ||     2
 Stab: Sleeping          |     3 |     2 |     2 ||     7
       Confused          |       |     1 |     1 ||     2
Armor: Robe              |     2 |       |       ||     2
Dodge: Dodged            |     5 |     1 |     3 ||     9
